[Event "Titled Tuesday Blitz March 21 Late 2023"]
[White "Baches Garcia, Guillermo"]
[Black "Godzwon, Iwo"]
[WhiteFideId "2209764"]
[BlackFideId "21802483"]
[WhiteElo "2431"]
[BlackElo "2284"]
[Result "1-0"]
[Round "05"]
[TimeControl "180+2"]
[Date "2023.03.21"]
[WhiteClock "0:01:30"]
[BlackClock "0:01:07"]

1. Nc3 c6 2. d4 d6 3. e4 Nd7 4. f4 e6 5. Nf3 g6 6. Bd3 Bg7 7. Be3 Ne7 8. Qd2 Qc7 9. O-O-O b5 10. Kb1 Nb6 11. Qf2 b4 12. Ne2 Rb8 13. g4 d5 14. e5 a5 15. h4 h5 16. gxh5 gxh5 17. Ng3 Na4 18. Ka1 Bf8 19. f5 Nxf5 20. Nxf5 exf5 21. Ng5 c5 22. Bxf5 c4 23. e6 f6 24. Bf4 1-0


[Site "https://www.chess.com"]

[Event "Titled Tuesday Blitz March 21 Late 2023"]
[White "Melikhov, Evgeny V."]
[Black "Jeet, Jain"]
[WhiteFideId "4122046"]
[BlackFideId "5073022"]
[WhiteElo "2158"]
[BlackElo "2067"]
[Result "1-0"]
[Round "05"]
[TimeControl "180+2"]
[Date "2023.03.21"]
[WhiteClock "0:00:08"]
[BlackClock "0:00:44"]

1. d4 Nf6 2. c4 g6 3. Nc3 Bg7 4. e4 d6 5. f3 O-O 6. Be3 c5 7. Nge2 cxd4 8. Nxd4 Nc6 9. Be2 a5 10. O-O Nxd4 11. Bxd4 Bd7 12. Qd2 Bc6 13. Rfc1 Nd7 14. Bxg7 Kxg7 15. Qd4+ Kg8 16. Rab1 Qb6 17. Qxb6 Nxb6 18. b3 Rfd8 19. Nd5 Bxd5 20. cxd5 Rdc8 21. Kf2 Rxc1 22. Rxc1 Rc8 23. Rxc8+ Nxc8 24. Ke3 Kg7 25. Kd4 Kf6 26. f4 g5 27. g3 Nb6 28. Bg4 h6 29. e5+ Kg7 30. a3 f6 31. b4 axb4 32. axb4 fxe5+ 33. fxe5 Kg6 34. Be2 Kf5 35. Bd3+ Kg4 36. Be2+ Kh3 37. e6 Kxh2 38. g4 Kg3 39. Ke4 Kf2 40. Bd3 Kg3 41. Be2 Na4 42. Kf5 Nc3 43. Bc4 b5 44. Bb3 Kh4 45. Kg6 Kxg4 46. Kf7 h5 47. Kxe7 h4 48. Kf7 h3 49. e7 h2 50. e8=Q h1=Q 51. Qe6+ Kf3 52. Qf5+ Kg2 53. Qc2+ Kg1 54. Qxc3 Qh7+ 55. Ke6 Qg6+ 56. Kd7 g4 57. Bc2 Qh6 58. Qg3+ Kf1 59. Bd3# 1-0


[Site "https://www.chess.com"]

[Event "Titled Tuesday Blitz March 21 Late 2023"]
[White "Danielyan, Vahe"]
[Black "Foerster-Yialamas, Lucas"]
[WhiteFideId "13304828"]
[BlackFideId "30901774"]
[WhiteElo "2423"]
[BlackElo "2067"]
[Result "0-1"]
[Round "05"]
[TimeControl "180+2"]
[Date "2023.03.21"]
[WhiteClock "0:02:05"]
[BlackClock "0:01:20"]

1. d4 d5 2. Nf3 c5 3. e3 e6 4. b3 a6 5. Bb2 b5 6. Nbd2 Nf6 7. Bd3 c4 8. bxc4 bxc4 9. Be2 Nc6 10. O-O Rb8 11. Bc3 Ba3 12. Ne5 Ne7 13. f4 Nf5 14. Rf3 Qc7 15. g4 Nd6 16. g5 Nfe4 17. Nxe4 Nxe4 18. Be1 f6 19. Ng4 e5 20. Rf1 exd4 21. Qxd4 Be6 22. gxf6 Bb2 23. fxg7 Bxd4 24. exd4 Qxg7 25. f5 Qxd4+ 26. Kh1 Qxa1 27. fxe6 Rf8 28. Rg1 Rb1 0-1


[Site "https://www.chess.com"]

[Event "Titled Tuesday Blitz March 21 Late 2023"]
[White "Kretchetov, Alexandre"]
[Black "Lorenzo De La Riva, Lazaro"]
[WhiteFideId "4124588"]
[BlackFideId "2268809"]
[WhiteElo "2521"]
[BlackElo "2294"]
[Result "1-0"]
[Round "05"]
[TimeControl "180+2"]
[Date "2023.03.21"]
[WhiteClock "0:00:16"]
[BlackClock "0:00:06"]

1. d4 c5 2. d5 Nf6 3. c4 b5 4. Qc2 b4 5. e4 g6 6. e5 Ng4 7. f4 Bg7 8. h3 Nh6 9. Nf3 Nf5 10. Qf2 d6 11. Bd3 O-O 12. O-O a5 13. Nbd2 Nd7 14. Bxf5 gxf5 15. exd6 exd6 16. Re1 Nf6 17. a4 Ra7 18. Rb1 Re8 19. b3 Ne4 20. Nxe4 fxe4 21. Nh2 e3 22. Bxe3 Rae7 23. Nf1 Bf5 24. Rbd1 Bc3 25. Re2 Kh8 26. g4 Rg8 27. Kh2 Bc8 28. Ng3 Ree8 29. Nh5 f5 30. g5 Rg6 31. h4 h6 32. Bc1 Re4 33. Bb2 hxg5 34. hxg5 Qe8 35. Ng3 Rxe2 36. Bxc3+ bxc3 37. Qxe2 Qf7 38. Kg2 Kg8 39. Qe3 Rg7 40. Qxc3 Qg6 41. Rh1 Bd7 42. Nh5 Rf7 43. Nf6+ Rxf6 44. Qxf6 Qxf6 45. gxf6 Be8 46. Rh6 Kf7 47. Kf3 Kg8 48. Kg3 Kf7 49. Kh4 Bd7 50. Kg5 Be8 51. Rh7+ Kg8 52. Ra7 Bf7 53. Kxf5 Bh5 54. Ke6 Bg4+ 55. f5 Bh3 56. f7+ Kg7 57. Ra8 Kh6 58. f8=Q+ Kg5 59. Qf6+ Kf4 60. Qh4+ Bg4 61. Rg8 Ke3 62. Rxg4 1-0


[Site "https://www.chess.com"]

[Event "Titled Tuesday Blitz March 21 Late 2023"]
[White "Gatterer, Florian"]
[Black "Martic, Ivan"]
[WhiteFideId "811688"]
[BlackFideId "929301"]
[WhiteElo "2221"]
[BlackElo "2360"]
[Result "0-1"]
[Round "05"]
[TimeControl "180+2"]
[Date "2023.03.21"]
[WhiteClock "0:00:05"]
[BlackClock "0:00:28"]

1. b3 d5 2. Bb2 Bf5 3. Nf3 c6 4. g3 Nf6 5. Bg2 e6 6. O-O h6 7. d3 Nbd7 8. Nbd2 Bh7 9. Re1 Be7 10. e4 dxe4 11. Nxe4 Nxe4 12. dxe4 O-O 13. Qe2 Qc7 14. Red1 a5 15. a4 Nc5 16. Ne1 Rfd8 17. Nd3 Nxd3 18. Rxd3 Rxd3 19. cxd3 Qb6 20. Qg4 Bf8 21. Qd1 Rd8 22. Qc2 Bg6 23. Bf3 f6 24. Bc3 e5 25. Rb1 Bb4 26. Be2 Bf7 27. Kf1 Bxc3 28. Qxc3 Rd4 29. Rb2 Rb4 30. Bd1 Qd4 31. Qxd4 Rxd4 32. Bc2 c5 33. Ke2 g5 34. Kd2 Kg7 35. Kc3 Be6 36. Rb1 Bg4 37. Re1 Kf7 38. Re3 Ke7 39. Re1 Be6 40. Rh1 Rd8 41. h4 g4 42. Re1 Rd4 43. Re3 Rd8 44. Re1 Rf8 45. Bd1 h5 46. Re3 Kd6 47. Re2 f5 48. exf5 Rxf5 49. Rd2 Bd5 50. Bc2 b6 51. Kb2 Rf6 52. Kc1 Bf7 53. Kb2 Kd5 54. Kc3 Bg6 55. Re2 Rf3 56. Kd2 Kd4 57. Bb1 Bxd3 58. Bxd3 Rxd3+ 59. Kc2 Rc3+ 60. Kb2 Rf3 61. Kc2 e4 62. Rd2+ Rd3 63. Re2 e3 64. fxe3+ Rxe3 65. Rd2+ Ke4 66. Rd6 Rxg3 67. Rxb6 Rh3 68. Rb5 g3 69. Rxc5 g2 70. Rg5 Kf3 71. b4 axb4 72. a5 Rg3 73. Re5 g1=Q 0-1


[Site "https://www.chess.com"]

[Event "Titled Tuesday Blitz March 21 Late 2023"]
[White "Carbone, Diego"]
[Black "Romero Ruscalleda, Josep"]
[WhiteFideId "3002179"]
[BlackFideId "2231859"]
[WhiteElo "2266"]
[BlackElo "2183"]
[Result "0-1"]
[Round "05"]
[TimeControl "180+2"]
[Date "2023.03.21"]
[WhiteClock "0:00:02"]
[BlackClock "0:00:01"]

1. d4 g6 2. Nf3 Bg7 3. g3 d6 4. Bg2 Nc6 5. c4 f5 6. Nc3 Nf6 7. O-O O-O 8. Re1 e5 9. d5 Ne7 10. e4 a6 11. Ng5 Nh5 12. exf5 Nxf5 13. g4 Nh4 14. gxh5 Qf6 15. Be3 Nxg2 16. Kxg2 h6 17. Nce4 Qe7 18. hxg6 hxg5 19. Qh5 Rf4 20. Bxf4 gxf4 21. Ng5 Bf5 22. f3 Qf6 23. Qh7+ Kf8 24. Ne6+ Bxe6 25. dxe6 Ke7 26. Qh5 Rh8 27. Qg4 Rh6 28. Kh1 Rxg6 29. Qh5 Qxe6 30. Rg1 Rxg1+ 31. Rxg1 Bf6 32. Qh7+ Qf7 33. Qe4 c6 34. Rc1 Bh4 35. Rg1 Bf2 36. Rg2 Bd4 37. b3 d5 38. cxd5 cxd5 39. Qc2 Kd7 40. Rg5 Qf6 41. Qg2 Kc7 42. Rg7+ Kb8 43. Rg8+ Ka7 44. Qg4 e4 45. Rg6 Qh8 46. Qxf4 Be5 47. Qh6 Qc8 0-1


[Site "https://www.chess.com"]

[Event "Titled Tuesday Blitz March 21 Late 2023"]
[White "Castella Garcia, Fausto"]
[Black "Shohat, Yotam"]
[WhiteFideId "3501922"]
[BlackFideId "2813955"]
[WhiteElo "2245"]
[BlackElo "2226"]
[Result "0-1"]
[Round "05"]
[TimeControl "180+2"]
[Date "2023.03.21"]
[WhiteClock "0:00:03"]
[BlackClock "0:00:05"]

1. e4 c5 2. Nf3 d6 3. d4 cxd4 4. Nxd4 Nf6 5. Nc3 a6 6. Bg5 e6 7. f4 Nbd7 8. Qf3 Qc7 9. O-O-O b5 10. g4 Bb7 11. Bxf6 Nxf6 12. g5 b4 13. gxf6 bxc3 14. f5 cxb2+ 15. Kb1 e5 16. fxg7 Bxg7 17. f6 exd4 18. fxg7 Rg8 19. Rxd4 O-O-O 20. Rc4 Bc6 21. Qc3 Kb7 22. Rg1 Rc8 23. Rg5 Ka7 24. Qd4+ Qb6 25. Qxb6+ Kxb6 26. Rb4+ Kc7 27. Bxa6 Rce8 28. Bd3 Re5 29. Rxe5 dxe5 30. Kxb2 Rxg7 31. a4 Rg2 32. a5 Rxh2 33. a6 Rg2 34. a7 Rg8 35. Rc4 Ra8 36. Rc5 Kd6 37. Ra5 h5 38. Be2 Bxe4 39. Bxh5 f5 0-1


[Site "https://www.chess.com"]

[Event "Titled Tuesday Blitz March 21 Late 2023"]
[White "Stachanczyk, Jacek"]
[Black "Kaplan, Avi Harrison"]
[WhiteFideId "1116657"]
[BlackFideId "30934559"]
[WhiteElo "2084"]
[BlackElo "1983"]
[Result "1-0"]
[Round "05"]
[TimeControl "180+2"]
[Date "2023.03.21"]
[WhiteClock "0:01:34"]
[BlackClock "0:01:05"]

1. e4 e5 2. Nf3 Nf6 3. Nxe5 Nc6 4. Nxc6 dxc6 5. d3 Bc5 6. Be2 h5 7. c3 Ng4 8. d4 Bb6 9. h3 Qh4 10. g3 Qe7 11. hxg4 Qxe4 12. f3 Qg6 13. Qd3 f5 14. Bf4 Kf7 15. Nd2 Be6 16. gxh5 Rxh5 17. O-O-O Rah8 18. Rxh5 Rxh5 19. b3 a5 20. Nc4 a4 21. Ne5+ Kf6 22. Nxg6 Kxg6 23. g4 Rh8 24. Rg1 Kf7 25. gxf5 Bd5 26. Be5 Rg8 27. c4 axb3 28. axb3 c5 29. cxd5 cxd4 30. Bxd4 c5 31. dxc6 Rc8 32. Bxb6 Rxc6+ 33. Qc4+ Rxc4+ 34. Bxc4+ Kf6 35. Bd4+ Kxf5 36. Rxg7 b5 37. Rb7 b4 38. Rxb4 Kf4 39. Bg1 Ke5 40. Bf1 Kd5 41. Rc4 Ke5 42. b4 Kd5 43. b5 Ke5 44. b6 Ke6 45. b7 Kd5 46. b8=Q Ke6 47. Qb5 Ke7 48. Rc6 Kd8 49. Qb6+ Kd7 50. Qb7+ Kd8 51. Rc8# 1-0


[Site "https://www.chess.com"]

[Event "Titled Tuesday Blitz March 21 Late 2023"]
[White "TigranHH"]
[Black "Roberson, Peter T"]
[BlackFideId "412384"]
[WhiteElo "2304"]
[BlackElo "2346"]
[Result "0-1"]
[Round "05"]
[TimeControl "180+2"]
[Date "2023.03.21"]
[WhiteClock "0:01:24"]
[BlackClock "0:02:52"]

1. d4 e6 2. Nf3 b6 3. c4 Bb7 4. g3 Bb4+ 5. Nbd2 Bxf3 6. exf3 d5 7. b3 Bc3 8. Rb1 Bxd4 9. Bd3 Nf6 10. O-O O-O 11. Ba3 c5 12. Re1 Nc6 13. f4 Qd7 14. Kg2 Rad8 15. Nf3 Bc3 16. Re2 dxc4 0-1


[Site "https://www.chess.com"]

[Event "Titled Tuesday Blitz March 21 Late 2023"]
[White "Wang, Alexander J"]
[Black "Balla, Tamas-Kristof"]
[WhiteFideId "30955270"]
[BlackFideId "1208497"]
[WhiteElo "2262"]
[BlackElo "2334"]
[Result "1-0"]
[Round "05"]
[TimeControl "180+2"]
[Date "2023.03.21"]
[WhiteClock "0:00:21"]
[BlackClock "0:00:05"]

1. e4 c6 2. d4 d5 3. f3 dxe4 4. fxe4 e5 5. Nf3 Bg4 6. Bc4 Nd7 7. c3 Ngf6 8. O-O Bh5 9. Bg5 Be7 10. Nbd2 Qc7 11. Qc2 O-O 12. Rae1 Rfe8 13. Nh4 b5 14. Bd3 Bg6 15. Nf5 Bxf5 16. Rxf5 h6 17. Bh4 a5 18. Ref1 b4 19. Nc4 bxc3 20. dxe5 Nh7 21. Bg3 Qa7+ 22. Kh1 Rf8 23. Qxc3 Nc5 24. Nd6 Nxd3 25. Qxd3 Rad8 26. Qc4 Bxd6 27. exd6 Rxd6 28. Bxd6 Rd8 29. Rxf7 Qe3 30. Rf8# 1-0


[Site "https://www.chess.com"]

[Event "Titled Tuesday Blitz March 21 Late 2023"]
[White "Tworuszka, Michal"]
[Black "Michalski, Olaf"]
[WhiteFideId "1117858"]
[BlackFideId "1106740"]
[WhiteElo "2442"]
[BlackElo "2173"]
[Result "1-0"]
[Round "05"]
[TimeControl "180+2"]
[Date "2023.03.21"]
[WhiteClock "0:01:54"]
[BlackClock "0:00:06"]

1. d4 d6 2. e4 g6 3. c4 Bg7 4. Nc3 Nc6 5. Nge2 e5 6. Be3 f5 7. dxe5 Nxe5 8. Nd4 Nf6 9. exf5 gxf5 10. h3 O-O 11. Be2 Ne4 12. Nxe4 fxe4 13. O-O Qh4 14. f4 exf3 15. Nxf3 Qe4 16. Qd5+ Qxd5 17. cxd5 Bf5 18. Nd4 Be4 19. Ne6 Rxf1+ 20. Rxf1 Bxd5 21. Nxc7 1-0


[Site "https://www.chess.com"]

[Event "Titled Tuesday Blitz March 21 Late 2023"]
[White "Pinheiro, Iung Alicio de O."]
[Black "ritanovikova"]
[WhiteFideId "2104350"]
[WhiteElo "2283"]
[BlackElo "2198"]
[Result "1-0"]
[Round "05"]
[TimeControl "180+2"]
[Date "2023.03.21"]
[WhiteClock "0:00:52"]
[BlackClock "0:00:06"]

1. e4 d5 2. exd5 Qxd5 3. Nc3 Qd8 4. d4 Nf6 5. Nf3 Bg4 6. h3 Bh5 7. g4 Bg6 8. Ne5 Nbd7 9. Nxg6 hxg6 10. Bg2 c6 11. Bf4 e6 12. Qd3 Nb6 13. a3 Nbd5 14. Bd2 Nxc3 15. bxc3 Bd6 16. Rb1 Qe7 17. a4 e5 18. O-O O-O 19. a5 Rad8 20. a6 bxa6 21. Bxc6 exd4 22. cxd4 Qc7 23. Bg2 Rb8 24. c4 a5 25. c5 Bf4 26. Bc3 Rbd8 27. Qc4 Qd7 28. Rfd1 Nd5 29. Bxa5 Bc7 30. Bxc7 Nxc7 31. d5 Rfe8 32. Rb7 Qc8 33. d6 Ne6 34. c6 g5 35. d7 Qa8 36. dxe8=Q+ Rxe8 37. c7 Nf4 38. c8=Q Rxc8 39. Qxf7+ 1-0


[Site "https://www.chess.com"]

[Event "Titled Tuesday Blitz March 21 Late 2023"]
[White "Rosenberg, Evan S"]
[Black "Yelisieiev, Yevhenii"]
[WhiteFideId "2019299"]
[BlackFideId "14139642"]
[WhiteElo "2328"]
[BlackElo "2447"]
[Result "0-1"]
[Round "05"]
[TimeControl "180+2"]
[Date "2023.03.21"]
[WhiteClock "0:00:02"]
[BlackClock "0:00:33"]

1. d4 d6 2. e4 Nf6 3. Nc3 e5 4. dxe5 dxe5 5. Qxd8+ Kxd8 6. Bc4 Ke8 7. f4 Bb4 8. Bd2 exf4 9. e5 Bxc3 10. Bxc3 Ne4 11. Bb4 Nc6 12. Bb5 Bd7 13. Bxc6 Bxc6 14. Nf3 a5 15. Ba3 Rd8 16. O-O b5 17. b3 b4 18. Bc1 g5 19. a3 Ke7 20. axb4 axb4 21. Ra7 Rd7 22. Bb2 Ra8 23. Rxa8 Bxa8 24. Nd4 c5 25. Nf5+ Ke6 26. Ng7+ Kd5 27. Ra1 Kc6 28. h4 g4 29. Nh5 f3 30. gxf3 gxf3 31. Nf6 Nxf6 32. exf6 Bb7 33. Kf2 Kb5 34. Ke3 Rd6 35. Be5 Rd5 36. Kf4 Rd2 37. c3 bxc3 38. Bxc3 Rd3 39. Rc1 f2 40. Be5 Rf3+ 41. Kg4 f1=Q 0-1


[Site "https://www.chess.com"]

[Event "Titled Tuesday Blitz March 21 Late 2023"]
[White "Reprintsev, Alexander"]
[Black "K2JW"]
[WhiteFideId "14100541"]
[WhiteElo "2229"]
[BlackElo "2327"]
[Result "1/2-1/2"]
[Round "05"]
[TimeControl "180+2"]
[Date "2023.03.21"]
[WhiteClock "0:00:17"]
[BlackClock "0:00:08"]

1. e4 c5 2. b3 g6 3. Bb2 Nf6 4. g4 Bg7 5. g5 Nh5 6. Bxg7 Nxg7 7. Nc3 O-O 8. h4 e6 9. Qg4 d5 10. Bg2 d4 11. Nce2 f5 12. gxf6 Qxf6 13. Qg3 Nh5 14. Qf3 Qg7 15. Qh3 e5 16. Qh2 Nc6 17. Nh3 Bg4 18. f3 Bxf3 19. Bxf3 Rxf3 20. O-O-O d3 21. Nc3 Nb4 22. cxd3 Nxd3+ 23. Kb1 Raf8 24. Rhg1 Nf2 25. Nxf2 Rxf2 26. Qh3 Nf4 27. Qe3 Ne6 28. h5 R8f3 29. Qe1 g5 30. h6 Qd7 31. Nd5 Qb5 32. Ka1 Nd4 33. Rc1 Nxb3+ 34. axb3 Qa6+ 35. Kb2 Rxb3+ 36. Kxb3 Qb5+ 37. Kc2 Qa4+ 38. Kc3 Rf3+ 39. Qe3 Rxe3+ 40. dxe3 Qa3+ 41. Kd2 Qa2+ 42. Kd3 Qb3+ 43. Ke2 Qb2+ 44. Kf3 b6 45. Rxg5+ Kf8 46. Rcg1 Qh2 47. Rg8+ Kf7 48. R1g7+ Ke6 49. Re8+ Kd6 50. Ree7 Qh5+ 51. Kf2 Qh2+ 52. Ke1 Qh1+ 53. Ke2 Qxe4 54. Nf6 Qc2+ 55. Ke1 Qc1+ 56. Kf2 Qc2+ 57. Kg3 Qf5 58. Ne8+ Kc6 59. Rc7+ Kb5 60. Rce7 Qe4 61. Rxh7 Qxe3+ 62. Kg4 Qe4+ 63. Kh5 Qf5+ 64. Kh4 Qf4+ 65. Kh3 Qf3+ 66. Kh2 Qf2+ 67. Kh3 Qf3+ 68. Kh4 Qf4+ 69. Kh5 Qf5+ 70. Kh4 Qf4+ 1/2-1/2


[Site "https://www.chess.com"]

[Event "Titled Tuesday Blitz March 21 Late 2023"]
[White "Kalajzic, Ivan"]
[Black "Hajiyev, Kanan"]
[WhiteFideId "14506378"]
[BlackFideId "13404148"]
[WhiteElo "2203"]
[BlackElo "2103"]
[Result "1-0"]
[Round "05"]
[TimeControl "180+2"]
[Date "2023.03.21"]
[WhiteClock "0:00:11"]
[BlackClock "0:00:01"]

1. b3 b6 2. Bb2 Bb7 3. e3 Nf6 4. Nf3 e6 5. c4 Be7 6. Nc3 O-O 7. Be2 d5 8. O-O c5 9. cxd5 Nxd5 10. Nxd5 Bxd5 11. d4 Bf6 12. Qc2 Nc6 13. dxc5 Bxb2 14. Qxb2 bxc5 15. Rac1 Qa5 16. Nd2 Rac8 17. Bf3 Nb4 18. Bxd5 exd5 19. a3 Nd3 20. Qc3 Qxc3 21. Rxc3 Ne5 22. Rfc1 Rb8 23. Kf1 Rb6 24. Ke2 Nd7 25. Rd3 d4 26. exd4 cxd4 27. Rxd4 Re8+ 28. Re4 Rxe4+ 29. Nxe4 f5 30. Nd2 Rb7 31. b4 Kf7 32. Nf3 h6 33. Rc6 Nf6 34. Ne5+ Ke7 35. f3 f4 36. Ra6 Nd5 37. Rxa7 Rxa7 38. Nc6+ Kd6 39. Nxa7 Nc3+ 40. Kd3 Nd5 41. Kc4 Ne3+ 42. Kb5 Nxg2 43. a4 Ne1 44. a5 Nxf3 45. Nc6 Ne5 46. Nxe5 Kxe5 47. a6 f3 48. a7 f2 49. a8=Q f1=Q+ 50. Kb6 Qf2+ 51. Kc7 Qxh2 52. b5 Qc2+ 53. Qc6 Qh7 54. b6 g5+ 55. Qd7 Qc2+ 56. Kd8 g4 57. b7 g3 58. b8=Q+ 1-0


[Site "https://www.chess.com"]

[Event "Titled Tuesday Blitz March 21 Late 2023"]
[White "Itkis, Boris"]
[Black "Molenda, Marcin"]
[WhiteFideId "1209167"]
[BlackFideId "1173065"]
[WhiteElo "2216"]
[BlackElo "2286"]
[Result "1-0"]
[Round "05"]
[TimeControl "180+2"]
[Date "2023.03.21"]
[WhiteClock "0:00:55"]
[BlackClock "0:01:32"]

1. c4 Nf6 2. Nf3 g6 3. d4 Bg7 4. g3 O-O 5. Bg2 d6 6. O-O c6 7. b3 Bg4 8. Bb2 Qc8 9. Re1 Nbd7 10. Nbd2 Bxf3 11. Nxf3 Re8 12. Qc2 e5 13. dxe5 dxe5 14. Bh3 Qc7 15. Rad1 e4 16. Ng5 Rad8 17. Bxd7 Rxd7 18. Bxf6 Bxf6 19. Rxd7 Qxd7 20. Nxe4 Bg7 21. c5 Qf5 22. f3 h5 23. Qc4 Re5 24. Nd6 Qd7 25. e4 b6 26. b4 bxc5 27. bxc5 Bf8 28. f4 Re6 29. e5 Kh7 30. Rb1 Bxd6 31. cxd6 f6 32. Qa6 Kh6 33. Rb7 Qd8 34. Qc4 Qe8 35. d7 Qe7 36. Qxe6 Qxe6 37. d8=Q 1-0


[Site "https://www.chess.com"]

[Event "Titled Tuesday Blitz March 21 Late 2023"]
[White "Sarkar, Justin"]
[Black "Korkmaz, Necmettin"]
[WhiteFideId "2010011"]
[BlackFideId "6303285"]
[WhiteElo "2189"]
[BlackElo "2097"]
[Result "1/2-1/2"]
[Round "05"]
[TimeControl "180+2"]
[Date "2023.03.21"]
[WhiteClock "0:00:07"]
[BlackClock "0:00:19"]

1. e4 e5 2. f4 exf4 3. Nf3 Ne7 4. d4 d5 5. Nc3 dxe4 6. Nxe4 Ng6 7. Bc4 Be7 8. O-O O-O 9. c3 Bf5 10. Re1 Nd7 11. Bd2 c5 12. Qe2 Re8 13. Qf2 Rc8 14. Bb5 cxd4 15. Nxd4 Bh4 16. g3 Rxe4 17. Nxf5 Rxe1+ 18. Rxe1 fxg3 19. hxg3 Bf6 20. Nd6 Nde5 21. Nxc8 Qxc8 22. Bf4 a6 23. Bf1 h6 24. Rd1 Qg4 25. Be2 Qh3 26. Bf1 Qh5 27. Be2 Qf5 28. Qe3 Ng4 29. Bxg4 Qxg4 30. Rf1 Bh4 31. Qf3 Qxf3 32. Rxf3 Bf6 33. Bd6 h5 34. b3 h4 35. c4 Kh7 36. c5 Kh6 37. b4 Kh5 38. gxh4 Nxh4 39. Rb3 g5 40. a4 g4 41. b5 Nf3+ 42. Rxf3 axb5 43. axb5 gxf3 44. c6 bxc6 45. bxc6 Bd8 46. c7 Bxc7 47. Bxc7 Kg4 48. Kf2 f5 49. Bb8 f4 50. Bc7 Kf5 51. Kxf3 Kg5 52. Bxf4+ 1/2-1/2


[Site "https://www.chess.com"]

[Event "Titled Tuesday Blitz March 21 Late 2023"]
[White "sebastianmarinp"]
[Black "Romkachess"]
[WhiteElo "2310"]
[BlackElo "2511"]
[Result "0-1"]
[Round "05"]
[TimeControl "180+2"]
[Date "2023.03.21"]
[WhiteClock "0:00:05"]
[BlackClock "0:00:09"]

1. e4 c5 2. Nf3 d6 3. d4 cxd4 4. Nxd4 Nf6 5. Nc3 a6 6. f3 e5 7. Nb3 Be6 8. Be3 h5 9. Be2 Nbd7 10. Nd5 Bxd5 11. exd5 g6 12. Qd2 b6 13. c4 a5 14. O-O-O a4 15. Na1 Nc5 16. Nc2 a3 17. Nxa3 Rxa3 18. bxa3 Bg7 19. Kc2 O-O 20. Rb1 Qa8 21. Qb4 b5 22. Bxc5 dxc5 23. Qxb5 Qxa3 24. Qb3 Qa5 25. Bd3 Bh6 26. Rhd1 Kg7 27. a3 h4 28. Qc3 Qa4+ 29. Rb3 Bf4 30. h3 Rb8 31. Rb1 Kh6 32. Kd1 Rd8 33. Ke2 Nh5 34. Rb5 Ng3+ 35. Kf2 Qa7 36. Qb3 Qe7 37. Qd1 Qg5 38. Kg1 Be3+ 39. Kh2 Qf4 40. Qe1 Nf1+ 0-1


[Site "https://www.chess.com"]

[Event "Titled Tuesday Blitz March 21 Late 2023"]
[White "Kokoszczynski, Jan"]
[Black "Smith, Garrett L"]
[WhiteFideId "1174460"]
[BlackFideId "2024829"]
[WhiteElo "2139"]
[BlackElo "2308"]
[Result "1-0"]
[Round "05"]
[TimeControl "180+2"]
[Date "2023.03.21"]
[WhiteClock "0:00:39"]
[BlackClock "0:00:12"]

1. Nf3 c5 2. g3 Nc6 3. Bg2 e5 4. O-O Nf6 5. c4 Be7 6. Nc3 d6 7. b3 h6 8. Ne1 Be6 9. Nc2 d5 10. cxd5 Nxd5 11. Bb2 O-O 12. Ne3 Nc7 13. Rc1 Qd7 14. d3 f5 15. Qd2 f4 16. Nc4 fxg3 17. hxg3 Bg5 18. e3 Bxc4 19. bxc4 Rad8 20. Nd5 Kh8 21. f4 exf4 22. gxf4 Bh4 23. Rf3 Nxd5 24. cxd5 Nb4 25. Rh3 Bf6 26. e4 Bxb2 27. Qxb2 Qd6 28. a3 Na6 29. e5 Qb6 30. Qd2 Nc7 31. d6 Nb5 32. f5 Rxf5 33. Rxh6+ Kg8 34. Bd5+ Kf8 35. Rh8# 1-0


[Site "https://www.chess.com"]

[Event "Titled Tuesday Blitz March 21 Late 2023"]
[White "Bruedigam, Martin"]
[Black "Jiganchine, Roman"]
[WhiteFideId "24608033"]
[BlackFideId "2603667"]
[WhiteElo "2331"]
[BlackElo "2307"]
[Result "1-0"]
[Round "05"]
[TimeControl "180+2"]
[Date "2023.03.21"]
[WhiteClock "0:00:02"]
[BlackClock "0:00:02"]

1. d4 d5 2. c4 e6 3. Nc3 Nf6 4. cxd5 Nxd5 5. g3 c5 6. Bg2 cxd4 7. Nxd5 exd5 8. Qxd4 Nc6 9. Qxd5 Bb4+ 10. Bd2 Bxd2+ 11. Qxd2 Qf6 12. Nf3 O-O 13. O-O Rd8 14. Qc1 Bg4 15. b3 Rac8 16. Qa3 h5 17. Rad1 Bxf3 18. Bxf3 Nd4 19. Bxb7 Nxe2+ 20. Kg2 Rb8 21. Qxa7 h4 22. Rxd8+ Rxd8 23. Qe3 Nd4 24. Rd1 g6 25. Rd3 Qb6 26. Bf3 Nxf3 27. Rxd8+ Qxd8 28. Qxf3 Qd7 29. gxh4 Qb5 30. a4 Qb4 31. Kg3 Qd6+ 32. Qf4 Qd3+ 33. Qe3 Qd6+ 34. f4 Kh7 35. a5 Qa6 36. b4 Qc4 37. Qd2 Qe6 38. Qc3 Qe2 39. Qb3 Qf1 40. b5 Kh6 41. b6 Qg1+ 42. Kf3 Qf1+ 43. Ke4 Qh1+ 44. Ke5 Qe1+ 45. Kf6 Qe4 46. Kxf7 Qf5+ 47. Ke7 Qe4+ 48. Kd7 Qd4+ 49. Kc6 Qe4+ 50. Qd5 Qa4+ 51. Kc7 Qc2+ 52. Kb8 Qa4 53. b7 Qe8+ 54. Ka7 Qe3+ 55. Ka8 Qe8+ 56. b8=Q 1-0


[Site "https://www.chess.com"]

[Event "Titled Tuesday Blitz March 21 Late 2023"]
[White "Khandelwal, Ankush"]
[Black "Prieto Aranguren, Alain"]
[WhiteFideId "413470"]
[BlackFideId "2268906"]
[WhiteElo "2263"]
[BlackElo "2209"]
[Result "1-0"]
[Round "05"]
[TimeControl "180+2"]
[Date "2023.03.21"]
[WhiteClock "0:00:51"]
[BlackClock "0:00:03"]

1. e4 c6 2. d4 d5 3. e5 Bf5 4. Nf3 e6 5. Be2 Ne7 6. O-O Nc8 7. Nbd2 Be7 8. a4 O-O 9. a5 a6 10. Nb3 Na7 11. Be3 Nd7 12. Qd2 Rc8 13. c3 Nb5 14. Bg5 Bxg5 15. Nxg5 c5 16. Nxc5 Nxc5 17. dxc5 Rxc5 18. Nf3 Qb8 19. Rfe1 Rfc8 20. h3 Be4 21. Qf4 f5 22. Ng5 R5c6 23. f3 Bc2 24. c4 dxc4 25. Nxe6 Rxe6 26. Bxc4 Re8 27. Bxe6+ Rxe6 28. Qc4 Qe8 29. Qxc2 h5 30. f4 h4 31. Qxf5 Rg6 32. Rad1 Kh7 33. e6 Qe7 34. Rd5 Nd6 35. Qd3 Ne8 36. Rh5+ Kg8 37. Qxg6 Nf6 38. Rg5 Ne4 39. Qxe4 Qc5+ 40. Rxc5 g5 41. Qg6+ Kh8 42. Rc8# 1-0


[Site "https://www.chess.com"]

[Event "Titled Tuesday Blitz March 21 Late 2023"]
[White "reevecanada"]
[Black "Jimenez, Joaquin"]
[BlackFideId "109860"]
[WhiteElo "2459"]
[BlackElo "2163"]
[Result "0-1"]
[Round "05"]
[TimeControl "180+2"]
[Date "2023.03.21"]
[WhiteClock "0:00:06"]
[BlackClock "0:00:19"]

1. e4 e6 2. b3 d5 3. Bb2 c5 4. e5 Nc6 5. c4 d4 6. Nf3 Nh6 7. d3 Nf5 8. g4 Nh4 9. Nbd2 h5 10. Bh3 hxg4 11. Bxg4 Ng2+ 12. Kf1 Nf4 13. Ne4 Qc7 14. Bc1 Ng6 15. Nfg5 Ncxe5 16. h4 Nxg4 17. Qxg4 f5 18. Qg3 Qxg3 19. Nxg3 Rxh4 20. Rxh4 Nxh4 21. Bb2 Be7 22. f4 Bxg5 23. fxg5 Kf7 24. Kf2 Bd7 25. Rh1 Ng6 26. Bc1 Ne5 27. Ke2 Bc6 28. Rh7 Kg6 29. Rh4 Bf3+ 30. Kd2 Bg4 31. Kc2 Nf3 32. Rh1 e5 33. Rf1 Re8 34. Ne2 Rh8 35. Rf2 Rh1 36. Ng3 Rg1 37. Ne2 Re1 38. Ng3 Nxg5 39. Nxf5 Bxf5 40. Rg2 Rxc1+ 41. Kxc1 Bxd3 42. Kd2 Bf5 43. Rh2 e4 44. Rh8 e3+ 45. Ke2 Bg4+ 46. Kd3 e2 47. Re8 Kf7 48. Re5 Kf6 49. Re8 Ne6 50. Kd2 d3 51. a3 Bf5 52. b4 Nd4 53. Re3 cxb4 54. axb4 Nc2 55. Re8 Nxb4 56. c5 Nc6 57. Rf8+ Kg6 58. Re8 a5 59. Ra8 Nd4 60. Re8 a4 61. Re3 a3 62. Kc3 a2 63. Kb2 a1=Q+ 64. Kxa1 Nc2+ 65. Kb2 Nxe3 66. c6 e1=Q 67. cxb7 Qb4+ 68. Ka2 Be6+ 69. Ka1 Nc2# 0-1


[Site "https://www.chess.com"]

[Event "Titled Tuesday Blitz March 21 Late 2023"]
[White "rionelG"]
[Black "Bilan, Danila"]
[BlackFideId "24161918"]
[WhiteElo "2281"]
[BlackElo "2182"]
[Result "0-1"]
[Round "05"]
[TimeControl "180+2"]
[Date "2023.03.21"]
[WhiteClock "0:01:15"]
[BlackClock "0:01:18"]

1. e4 c6 2. d4 d5 3. e5 c5 4. dxc5 Nc6 5. Nf3 Bg4 6. c3 Bxf3 7. Qxf3 Nxe5 8. Qg3 Nd7 9. b4 Ngf6 10. Bd3 g6 11. O-O Bg7 12. Bb2 O-O 13. a3 Rc8 14. Re1 b6 15. cxb6 Nxb6 16. a4 Nc4 17. Bxc4 Rxc4 18. Nd2 Rc8 19. Qd3 e6 20. a5 Qc7 21. f3 Nd7 22. Rac1 Ne5 23. Qe2 Rfd8 0-1


[Site "https://www.chess.com"]